 Dungeon Crawl Stone Soup version 0.23.2-40-g277498a001 (webtiles) character file.

Game seed: 8842554639264769194

2170 BreadTh the Digger (level 8, -1/61 HPs)
             Began as a Demigod Earth Elementalist on Aug 31, 2019.
             Slain by an orc warrior
             ... wielding a +0 mace
              (12 damage)
             ... on level 7 of the Dungeon.
             The game lasted 00:23:36 (7827 turns).

BreadTh the Digger (Demigod Earth Elementalist)     Turns: 7827, Time: 00:23:37

Health: -1/61      AC:  8    Str: 17    XL:     8   Next: 86%
Magic:  10/19      EV: 16    Int: 19    God:
Gold:   257        SH:  0    Dex: 20    Spells: 8/17 levels left

rFire    . . .     SeeInvis .   C - +2 quarterstaff (chaos)
rCold    . . .     Gourm    .   (shield currently unavailable)
rNeg     . . .     Faith    .   F - +1 robe {Archmagi}
rPois    .         Spirit   .   i - +0 helmet
rElec    .         Reflect  .   J - scarf {repulsion}
rCorr    .         Harm     .   k - +0 pair of gloves
MR       .....                  (no boots)
Stlth    +++.......             (no amulet)
HPRegen  0.20/turn              m - +6 ring of strength
MPRegen  0.16/turn              H - +3 ring of protection

@: very slightly contaminated, repel missiles
A: high mp 1
a: no special abilities


You were on level 7 of the Dungeon.
You were not hungry.

You visited 1 branch of the dungeon, and saw 7 of its levels.

You collected 257 gold pieces.

Inventory:

Hand Weapons
 a - a +0 dagger
 h - a +1 dagger of draining
 j - a +1 dagger of chaos
 o - a +0 trident
 C - a +2 quarterstaff of chaos (weapon)
 E - a +1 long sword of holy wrath
Missiles
 b - 124 stones (quivered)
 l - 32 poisoned needles
 w - 5 tomahawks
Armour
 i - a +0 helmet (worn)
 k - a +0 pair of gloves (worn)
 v - a +0 leather armour
 F - a +1 robe of the Archmagi (worn)
 J - a scarf of repulsion (worn)
Jewellery
 m - a +6 ring of strength (left hand)
 z - a +3 ring of dexterity
 H - a +3 ring of protection (right hand)
Wands
 u - a wand of random effects (13)
 A - a wand of paralysis (11)
Scrolls
 g - a scroll of amnesia
 n - 3 scrolls of identify
 r - 3 scrolls of immolation {unknown}
 x - 2 scrolls of fog
 y - 2 scrolls of remove curse
 I - a scroll of teleportation
Potions
 c - 3 potions of degeneration
 e - 2 potions of haste {unknown}
 f - 2 potions of curing {unknown}
 p - 2 potions of agility {unknown}
 q - a potion of lignification {unknown}
 s - 4 potions of heal wounds {unknown}
 t - a potion of brilliance {unknown}
 B - a potion of mutation {unknown}
Comestibles
 d - 9 rations


   Skills:
 - Level 2.1 Fighting
 - Level 0.3 Short Blades
 - Level 4.0 Polearms
 - Level 5.1 Dodging
 - Level 3.1 Stealth
 - Level 5.0 Spellcasting
   Level 0.8 Transmutations
 + Level 7.0 Earth Magic


You had 8 spell levels left.
You knew the following spells:

 Your Spells              Type           Power        Failure   Level  Hunger
a - Sandblast             Erth           #####.       1%          1    None
b - Stone Arrow           Conj/Erth      ####..       9%          3    ##.....
c - Lee's Rapid Deconstr  Erth           #####.....   19%         5    ######.

Your spell library contained the following spells:

 Spells                   Type           Power        Failure   Level  Hunger
 Passwall                 Tmut/Erth      ####....     3%          2    #......
 Confusing Touch          Hex            #.....       12%         1    None
 Petrify                  Tmut/Erth      ####....     24%         4    ####...
 Confuse                  Hex            #.......     36%         3    ##.....
 Gell's Gravitas          Tloc           #.........   36%         3    ##.....
 Yara's Violent Unravell  Hex/Tmut       #.........   96%         5    ######.
 Metabolic Englaciation   Hex/Ice        #.........   98%         5    ######.


Dungeon Overview and Level Annotations

Branches:
Dungeon (7/15)             Temple (0/1) D:6

Shops:
D:4 **   D:5 *   D:6 }

Annotations:
D:4 3 runed translucent doors, Acheron's ghost, amateur GrFi
D:6 2 runed translucent doors, Prince Ribbit; Toxa551's ghost, novice HuFi


Innate Abilities, Weirdness & Mutations

You have an increased reservoir of magic. (+10% MP)


Message History

Aim: an orc priest You feel a surge of power!
The blast of sand hits the orc priest!!
You kill the orc priest!
Your Earth Magic skill increases to level 7!
b - 125 stones The orc priest calls down the wrath of Beogh upon you.
Beogh smites you!
* * * LOW HITPOINT WARNING * * *
The orc warrior hits you with a +0 mace.
* * * LOW HITPOINT WARNING * * *
Casting: Sandblast (safe; 1% risk of failure)
Confirm with . or Enter, or press ? or * to list all spells.
Aiming: Sandblast (safe; 1% risk of failure)
Press: ? - help, Shift-Dir - straight line, f - orc priest
Aim: an orc priest, wielding a +0 mace and wearing a +0 ring mail You feel a surge of power!
The blast of sand hits the orc priest!
The orc priest is severely wounded.
b - 124 stones The orc warrior hits you with a +0 mace!
You die...

.......#.....##...#....#..#
.......#.....##...#....####
#..##..##.........#..(.'..#
#####.[##....##...#o...#..#
#......##....##...#....#..#
#.................#o...##'#.
#####..##.........#..........
#..###'##....######..........
#......#######..@.o..........
#[.....#........o!)...........
#####..'.....................
# #####..................... #
#......................... #
#........................
####..........#####........
....<...####### .......
........# .....


You could see an orc warrior and an orc priest.

Vanquished Creatures
  Sigmund (D:3)
  A hungry ghost (D:7)
  Menkaure (D:6)
  A water moccasin (D:6)
  2 sky beasts
  A phantom (D:5)
  3 ogres
  A centaur (D:6)
  Blork the orc (D:6)
  2 bullfrogs (D:7)
  A scorpion (D:6)
  A howler monkey (D:4)
  5 crimson imps
  A centaur zombie (D:6)
  A hound (D:7)
  A bullfrog zombie (D:5)
  An orc wizard (D:6)
  2 orc priests
  Crazy Yiuf (D:6)
  2 iguanas (D:7)
  6 worker ants
  A hound skeleton (D:6)
  2 worker ant zombies
  3 gnolls (D:7)
  8 adders
  An adder zombie (D:7)
  A dart slug (D:1)
  A leopard gecko (D:3)
  14 orcs
  2 giant cockroaches
  8 goblins
  10 hobgoblins
  5 jackals
  5 quokkas
  8 bats
  5 frilled lizards
  7 kobolds
  3 rats
120 creatures vanquished.

Notes
Turn   | Place    | Note
-------+----------+-------------------------------------------
     0 | D:1      | BreadTh the Demigod Earth Elementalist began the quest for
                  | the Orb.
     0 | D:1      | Reached XP level 1. HP: 14/14 MP: 5/5
   273 | D:1      | Reached skill level 3 in Earth Magic
   298 | D:1      | Reached XP level 2. HP: 14/20 MP: 7/7
  1360 | D:2      | Reached XP level 3. HP: 22/26 MP: 4/8
  1547 | D:2      | Found a glowing golden altar of the Shining One.
  1685 | D:2      | Found a faded altar of an unknown god.
  1931 | D:3      | Noticed Sigmund
  2177 | D:3      | Killed Sigmund
  2177 | D:3      | Reached XP level 4. HP: 34/34 MP: 6/10
  2177 | D:3      | Reached XP level 5. HP: 39/39 MP: 6/11
  2208 | D:3      | Found an iron altar of Okawaru.
  2942 | D:4      | Found Juck's General Store.
  3074 | D:4      | Reached skill level 1 in Fighting
  3293 | D:4      | Found a runed translucent gate.
  3294 | D:4      | Found a runed translucent gate.
  3295 | D:4      | Found a runed translucent gate.
  3295 | D:4      | Noticed Acheron's ghost (amateur GrFi)
  3476 | D:4      | Reached XP level 6. HP: 33/47 MP: 13/13
  3992 | D:4      | Learned a level 3 spell: Stone Arrow
  3998 | D:4      | Learned a level 5 spell: Lee's Rapid Deconstruction
  4084 | D:4      | Found Faepruno's General Store.
  4115 | D:5      | Entered Level 5 of the Dungeon
  4390 | D:5      | Reached skill level 4 in Earth Magic
  4631 | D:5      | Reached XP level 7. HP: 55/55 MP: 5/15
  4817 | D:5      | Found Zin's Purification Station.
  5000 | D:5      | Found a glowing silver altar of Zin.
  5192 | D:5      | Found a shimmering altar of Xom.
  5199 | D:5      | Paralysed by a crimson imp for 4 turns
  5638 | D:6      | Noticed Menkaure
  5641 | D:6      | Killed Menkaure
  5963 | D:6      | Found a runed translucent door.
  5964 | D:6      | Noticed Crazy Yiuf
  5971 | D:6      | Killed Crazy Yiuf
  6007 | D:6      | Found a staircase to the Ecumenical Temple.
  6062 | D:6      | Noticed Prince Ribbit
  6068 | D:6      | Reached skill level 5 in Earth Magic
  6068 | D:6      | Reached XP level 8. HP: 61/61 MP: 12/17
  6129 | D:6      | Found a shattered altar of Ashenzari.
  6435 | D:6      | Found a blossoming altar of Fedhas.
  6466 | D:6      | Found a runed translucent door.
  6467 | D:6      | Noticed Toxa551's ghost (novice HuFi)
  6506 | D:6      | Found a runed translucent door.
  6522 | D:6      | Found a shadowy altar of Dithmenos.
  6534 | D:6      | Noticed Blork the orc
  6545 | D:6      | Killed Blork the orc
  6698 | D:6      | Found Vusm's Gadget Shop.
  7149 | D:7      | Reached skill level 5 in Dodging
  7313 | D:7      | Reached skill level 5 in Spellcasting
  7326 | D:7      | Reached skill level 6 in Earth Magic
  7826 | D:7      | Reached skill level 7 in Earth Magic
  7827 | D:7      | Slain by an orc warrior

Skill      XL: |  1  2  3  4  5  6  7  8 |
---------------+-------------------------+-----
Earth Magic    | 3 4 5 7 |  7.0
Dodging        | 2 3 4 5 |  5.1
Spellcasting   | 2 3 4 5 |  5.0
Stealth        | 2 3 |  3.1
Polearms       | 2 3 4 |  4.0
Fighting       | 1 2 |  2.1
Short Blades   | |  0.3
Transmutations | |  0.8

Action                   |  1- 3 |  4- 6 |  7- 9 || total
-------------------------+-------+-------+-------++-------
Melee: Dagger            |    86 |    13 |       ||    99
       Unarmed           |     4 |       |       ||     4
       Trident           |    43 |   110 |    74 ||   227
       Quarterstaff      |       |       |    83 ||    83
 Cast: Sandblast         |    15 |    19 |    39 ||    73
       Stone Arrow       |       |       |     8 ||     8
  Use: Scroll            |       |     7 |       ||     7
 Stab: Sleeping          |     2 |     1 |     7 ||    10
       Invisible         |       |       |     2 ||     2
       Paralysed         |       |       |     1 ||     1
  Eat: Chunk             |     4 |     5 |    10 ||    19
       Ration            |       |     1 |       ||     1
Armor: Robe              |    31 |    22 |    33 ||    86
       Leather armour    |       |       |     1 ||     1
Dodge: Dodged            |   106 |    91 |   128 ||   325
       Deflected         |       |       |     1 ||     1
